 Dungeon Crawl Stone Soup version 0.24-a0-447-ge8da9206dc (webtiles) character file.

Game seed: 2793720160870370270

1055 JellyEater the Digger (level 8, 0/41 HPs)
             Began as a Gargoyle Earth Elementalist on June 25, 2019.
             Killed from afar by an electric eel (2 damage)
             ... with a bolt of electricity
             ... on level 5 of the Dungeon.
             The game lasted 00:10:59 (4910 turns).

JellyEater the Digger (Gargoyle Earth Elementalist) Turns: 4910, Time: 00:10:59

Health: 0/41       AC:  8    Str: 12    XL:     8   Next: 26%
Magic:  16/16      EV: 12    Int: 18    God:
Gold:   191        SH:  0    Dex: 10    Spells: 8/17 levels left

rFire    . . .     SeeInvis .   h - +2 mace
rCold    . . .     Gourm    .   (no shield)
rNeg     + . .     Faith    .   c - +0 robe
rPois    ∞         Spirit   .   (no helmet)
rElec    +         Reflect  .   (no cloak)
rCorr    +         Harm     .   (no gloves)
MR       .....                  v - +0 pair of boots (curse)
Stlth    ++........             l - amulet of the acrobat
HPRegen  0.13/turn              e - ring of resist corrosion
MPRegen  0.15/turn              (no ring)

@: no status effects
A: negative energy resistance 1, electricity resistance, unbreathing,
petrification resistance, rot immunity, AC +5
a: no special abilities


You were on level 5 of the Dungeon.
You were not hungry.

You visited 1 branch of the dungeon, and saw 5 of its levels.

You collected 191 gold pieces.

Inventory:

Hand Weapons
 h - a +2 mace (weapon)
 u - a +0 flail
Missiles
 b - 156 stones (quivered)
 p - 5 silver javelins
Armour
 c - a +0 robe (worn)
 v - a cursed +0 pair of boots (worn)
Jewellery
 e - a ring of resist corrosion (left hand)
 l - an amulet of the acrobat (around neck)
Wands
 r - a wand of flame (7)
Scrolls
 k - 3 scrolls of amnesia
 m - a scroll of remove curse
 q - 2 scrolls of magic mapping
Potions
 a - a potion of berserk rage
 f - 4 potions of heal wounds
 g - a potion of agility
 i - a potion of resistance {unknown}
 j - a potion of haste
 n - a potion of flight {unknown}
 o - a potion of lignification {unknown}
 s - a potion of curing {unknown}
Comestibles
 d - 12 rations
 t - 5 chunks of flesh


   Skills:
 - Level 1.5 Dodging
 - Level 2.1 Stealth
 + Level 5.4 Spellcasting
 + Level 5.4 Conjurations
   Level 0.7 Transmutations
 + Level 7.5 Earth Magic


You had 8 spell levels left.
You knew the following spells:

 Your Spells              Type           Power        Failure   Level  Hunger
a - Sandblast             Erth           ####..       1%          1    None
b - Stone Arrow           Conj/Erth      ####..       2%          3    ##.....
c - Lee's Rapid Deconstr  Erth           ####......   16%         5    ######.

Your spell library contained the following spells:

 Spells                   Type           Power        Failure   Level  Hunger
 Passwall                 Tmut/Erth      ###.....     3%          2    #......
 Confusing Touch          Hex            #.....       13%         1    None
 Petrify                  Tmut/Erth      ###.....     22%         4    ####...
 Confuse                  Hex            #.......     36%         3    ##.....
 Gell's Gravitas          Tloc           #.........   36%         3    ##.....
 Yara's Violent Unravell  Hex/Tmut       #.........   97%         5    ######.
 Metabolic Englaciation   Hex/Ice        #.........   98%         5    ######.


Dungeon Overview and Level Annotations

Branches:
Dungeon (5/15)
 Temple: D:4-7

Altars:
Ashenzari
Fedhas
Hepliaklqana
Qazlal
The Shining One

Shops:
D:4 *


Innate Abilities, Weirdness & Mutations

You are resistant to torment.
Your stone body is resilient. (AC +5)
You are immune to poison.
You resist negative energy. (rN+)
You are resistant to electric shocks. (rElec)
You can survive without breathing.
You are immune to petrification.
You are immune to rotting.


Message History

The bolt of electricity hits you. You resist.
* * * LOW HITPOINT WARNING * * *
The bolt of electricity hits you. You resist.
* * * LOW HITPOINT WARNING * * *
You closely miss the electric eel.
The electric eel shoots out a bolt of lightning at you!
The bolt of electricity hits the electric eel.
The electric eel completely resists.
The bolt of electricity hits you. You resist.
* * * LOW HITPOINT WARNING * * *
The electric eel shoots out a bolt of lightning at you!
The bolt of electricity hits the plant.
The bolt of electricity hits you. You resist.
* * * LOW HITPOINT WARNING * * *
You barely miss the electric eel.
The electric eel shoots out a bolt of lightning at you!
The bolt of electricity hits the electric eel.
The electric eel completely resists.
The bolt of electricity hits you. You resist.
You die...

..................
#.#####.##.######
#####.##..######
#.....##..'...≈##
#.#######.#####≈######
#.# ###≈≈≈##≈....##
##.####
#≈≈?≈;######≈##
.#.....##
#($;.;##≈≈≈##≈#
.....÷..##
#.PPP@#≈≈.≈≈#≈#
....<#.)(#
#PP.≈.#.(÷..#≈#
######.#.#
#.....#...≈≈#≈#
#)#..##.....#PP.≈.#.#
#.##.###'..##.....#.#
#.# .#..#####.....#.#
#.. .##..÷≈≈##'..##.#
### ..#####≈≈.####≈##
#. ###...≈≈##


You could see 3 electric eels.

Vanquished Creatures
  Grinder (D:4)
  2 ogres (D:4)
  A bullfrog (D:2)
  A scorpion (D:4)
  3 electric eels (D:5)
  An orc priest (D:5)
  A bullfrog skeleton (D:2)
  3 orc wizards
  Terence (D:3)
  A worker ant (D:4)
  4 gnolls (D:3)
  11 adders
  3 oozes (D:2)
  6 worms
  4 dart slugs
  3 leopard geckos
  15 orcs
  8 giant cockroaches
  7 goblins
  6 hobgoblins
  4 jackals (D:2)
  7 kobolds
  3 quokkas
  A ball python (D:4)
  5 bats
  2 frilled lizards
  A jackal skeleton (D:5)
  2 rats
107 creatures vanquished.

Vanquished Creatures (others)
  A bat (D:3)
1 creature vanquished.

Grand Total: 108 creatures vanquished

Notes
Turn   | Place    | Note
-------+----------+-------------------------------------------
     0 | D:1      | JellyEater the Gargoyle Earth Elementalist began the quest
                  | for the Orb.
     0 | D:1      | Reached XP level 1. HP: 10/10 MP: 3/3
   209 | D:1      | Reached skill level 4 in Earth Magic
   209 | D:1      | Reached XP level 2. HP: 4/15 MP: 3/5
  1007 | D:2      | Reached XP level 3. HP: 14/19 MP: 0/7
  1012 | D:2      | Learned a level 3 spell: Stone Arrow
  1384 | D:2      | Reached skill level 1 in Conjurations
  1479 | D:2      | Reached XP level 4. HP: 20/24 MP: 6/8
  1575 | D:2      | Noticed a bullfrog
  1578 | D:2      | Killed a bullfrog
  1578 | D:2      | Reached skill level 5 in Earth Magic
  1578 | D:2      | Reached XP level 5. HP: 28/28 MP: 5/10
  1624 | D:2      | Learned a level 5 spell: Lee's Rapid Deconstruction
  1734 | D:2      | Found a hazy altar of Hepliaklqana.
  2248 | D:3      | Reached XP level 6. HP: 27/32 MP: 9/11
  2334 | D:3      | Noticed Terence
  2337 | D:3      | Killed Terence
  3432 | D:3      | Found a glowing golden altar of the Shining One.
  3778 | D:4      | Reached skill level 6 in Earth Magic
  3831 | D:4      | Found a blossoming altar of Fedhas.
  3864 | D:4      | Found a stormy altar of Qazlal.
  3889 | D:4      | Reached XP level 7. HP: 35/36 MP: 8/13
  4084 | D:4      | Found a shattered altar of Ashenzari.
  4572 | D:4      | Noticed Grinder
  4577 | D:4      | Killed Grinder
  4577 | D:4      | Reached skill level 5 in Spellcasting
  4577 | D:4      | Reached skill level 7 in Earth Magic
  4577 | D:4      | Reached XP level 8. HP: 41/41 MP: 7/15
  4652 | D:4      | Found Qetyerph's General Store.
  4673 | D:5      | Entered Level 5 of the Dungeon
  4692 | D:5      | Reached skill level 5 in Conjurations
  4909 | D:5      | HP: 2/41 [electric eel/bolt of electricity (2)]
  4910 | D:5      | Killed from afar by an electric eel

Levels and vault maps discovered:
D:1:      lightli_arrival_flooded_house, layout_loops_ring, minmay_tetromino_s4
D:2:      layout_basic, marbit_many_paths, minmay_fountain_box
D:3:      layout_loops_ring, tso_oasis_becter, uniq_terence
D:4:      layout_loops_ring, evilmike_ruin_ashenzari, kennysheep_mini_moat,
          serial_shops, shop, grunt_qazlal_sundering, uniq_grinder
D:5:      cheibrodos_two_vegetables, layout_basic,
          minmay_temple_entry_gardened_gates, serial_shops,
          nicolae_shop_behind_doors, first_ration

Skill      XL: |  1  2  3  4  5  6  7  8 |
---------------+-------------------------+-----
Earth Magic    | 4 5 6 7 |  7.5
Conjurations   | 1 2 3 4 5 |  5.4
Spellcasting   | 3 4 5 |  5.4
Dodging        | |  1.5
Stealth        | |  2.1
Transmutations | |  0.7

Action                   |  1- 3 |  4- 6 |  7- 9 || total
-------------------------+-------+-------+-------++-------
Melee: Club              |    20 |       |       ||    20
       Unarmed           |     4 |       |       ||     4
       Mace              |    42 |   125 |    71 ||   238
 Cast: Sandblast         |    21 |    61 |    32 ||   114
       Stone Arrow       |     1 |     2 |     1 ||     4
Evoke: Wand              |       |     5 |       ||     5
  Use: Scroll            |     6 |     6 |       ||    12
 Stab: Sleeping          |     1 |     3 |     1 ||     5
  Eat: Chunk             |     2 |     8 |     3 ||    13
Armor: Robe              |    32 |    66 |    25 ||   123
Dodge: Dodged            |    54 |   117 |    60 ||   231

Table legend:
 A = Non-vault XP
 B = Vault XP
 C = Vault XP percentage of total XP
 D = Non-vault monster count
 E = Vault monster count
 F = Vault count percentage of total count
                 A         B        C        D         E       F
            +---------+---------+-------+---------+---------+-------
      Total |     964 |     544 |  36.1 |      98 |       9 |   8.4
            +---------+---------+-------+---------+---------+-------
        D:1 |      27 |       0 |   0.0 |      14 |       0 |   0.0
        D:2 |     229 |       2 |   0.9 |      25 |       1 |   3.8
        D:3 |     169 |      36 |  17.6 |      32 |       1 |   3.0
        D:4 |     471 |     286 |  37.8 |      20 |       1 |   4.8
        D:5 |      68 |     220 |  76.4 |       7 |       6 |  46.2
            +---------+---------+-------+---------+---------+-------
